 Dungeon Crawl Stone Soup version 0.29-a0-378-gc08b2e8bf8 (webtiles) character file.

Game seed: 4184259175024094306

20 lesaewzxc the Digger (level 2, -20/20 HPs)
             Began as a Demigod Earth Elementalist on May 4, 2022.
             Killed by an exploding frilled lizard (22 damage)
             ... ignited by their inner flame
             ... on level 2 of the Dungeon.
             The game lasted 00:05:01 (388 turns).

lesaewzxc the Digger (Demigod Earth Elementalist)    Turns: 388, Time: 00:05:02

Health: -20/20     AC:  2    Str:  9    XL:     2   Next: 42%
Magic:  0/7        EV: 12    Int: 17    God:
Gold:   24         SH:  0    Dex: 14    Spells: 4/5 levels left

rFire   . . .      SeeInvis .   (no weapon)
rCold   . . .      Faith    .   (no shield)
rNeg    . . .      Spirit   .   d - +0 robe
rPois   .          Reflect  .   (no helmet)
rElec   .          Harm     .   (no cloak)
rCorr   .          Rampage  .   (no gloves)
Will    .....                   (no boots)
Stlth   ++........              (no amulet)
HPRegen 0.06/turn               (no ring)
MPRegen 0.10/turn               (no ring)

@: no status effects
A: high MP 1, forlorn, divine attributes
a: no special abilities


You were on level 2 of the Dungeon.
You visited 1 branch of the dungeon, and saw 2 of its levels.

You collected 24 gold pieces.

Inventory:

Missiles
 a - 57 stones
Armour
 b - a +0 robe
 d - a +0 robe (worn)
Scrolls
 e - a scroll of fog {unknown}
Potions
 c - a potion of magic


   Skills:
 * Level 0.8 Slings
 + Level 1.9 Dodging
 + Level 2.0 Stealth
 * Level 2.0 Spellcasting
 + Level 1.1 Transmutations
 + Level 2.8 Earth Magic


You had 4 spell levels left.
You knew the following spells:

 Your Spells              Type           Power      Damage    Failure   Level
a - Sandblast             Erth           22%        2d7       6%          1

Your spell library contained the following spells:

 Spells                   Type           Power      Damage    Failure   Level
 Passwall                 Tmut/Erth      6%         N/A       13%         2
 Stone Arrow              Conj/Erth      12%        3d7       32%         3
 Petrify                  Tmut/Erth      8%         N/A       65%         4


Dungeon Overview and Level Annotations

Branches:
Dungeon (2/15)


Innate Abilities, Weirdness & Mutations

You have an increased reservoir of magic. (+10% MP)
You shall have no god before yourself.
Your divine heritage dramatically boosts your attributes as you level up.


Message History

Aim: a dart slug (heavily wounded, 100% to hit)
The blast of sand hits the dart slug!
You kill the dart slug!
The rat bites you.
An endoplasm comes into view.
The rat bites you but does no damage. The rat bites you.
You see here a scroll labelled YTOOLUG WOUM.
f - a scroll labelled YTOOLUG WOUM The rat bites you.
* * * LOW HITPOINT WARNING * * *
As you read the scroll labelled YTOOLUG WOUM, it crumbles to dust.
The creatures around you are filled with an inner flame!
It was a scroll of immolation.
The frilled lizard bites you but does no damage.
The rat closely misses you.
Aiming: Sandblast (safe; 6% risk of failure)
Press: ? - help, Q - select action, (/) - cycle Shift-Dir - straight line, f - frilled lizard
Aim: a frilled lizard (inner flame, 66% to hit)
The blast of sand misses the frilled lizard.
The frilled lizard closely misses you. The rat bites you.
* * * LOW HITPOINT WARNING * * *
You don't have enough magic to cast this spell.
You closely miss the frilled lizard. The rat barely misses you.
The frilled lizard bites you.
* * * LOW HITPOINT WARNING * * *
Unknown command.
You hit the frilled lizard but do no damage.
The frilled lizard bites you.
* * * LOW HITPOINT WARNING * * *
The rat closely misses you.
You miss the frilled lizard. The frilled lizard barely misses you.
The rat bites you but does no damage.
You hit the frilled lizard.
Flame seeps out of the frilled lizard.
The frilled lizard is severely wounded.
The frilled lizard is engulfed in blazing flames.
The frilled lizard explodes!
The fiery explosion engulfs you!!
Ouch! That really hurt!
You die...

.. ........ #. ......#...
#.. #.#......##
###..###.........##
#............##.<.#####
##....#.. .............
........####.........#
.........○@..........#
........§r§........<.##.#
...............†.†......#
....................>##.#
...........[.........# .#
...........#.........#
##..#..#.#.#####.#####
#..#..##.#.# .... #.##.#
#.#.. ...##


You could see a rat (inner flame).

Vanquished Creatures
  An adder (D:2)
  A dart slug (D:2)
  A ball python (D:1)
  A hobgoblin (D:1)
  A kobold (D:1)
  A quokka (D:2)
  A bat (D:1)
  A frilled lizard (D:2)
  2 rats
10 creatures vanquished.

Notes
Turn   | Place    | Note
-------+----------+-------------------------------------------
     0 | D:1      | lesaewzxc the Demigod Earth Elementalist began the quest
                  | for the Orb.
     0 | D:1      | Reached XP level 1. HP: 14/14 MP: 5/5
   197 | D:1      | Reached skill level 1 in Transmutations
   365 | D:2      | Reached XP level 2. HP: 19/20 MP: 1/7
   388 | D:2      | Killed by an exploding frilled lizard... ignited by their
                  | inner flame

Illustrated notes

Levels and vault maps discovered:
D:1:      dpeg_arrival_boxes_within_box, layout_loops_cross,
          shapermc_ecumenical_altar_notcrosses, grunt_decor_junction
D:2:      layout_rooms, kennysheep_nondescript, uniq_crazy_yiuf_cottage

Skill      XL: |  1 |
---------------+----+-----
Transmutations | 1 |  1.1
Stealth        | 2 |  2.0
Spellcasting   | 2 |  2.0
Slings         | |  0.8
Dodging        | |  1.9
Earth Magic    | |  2.8

Action                   || total
-------------------------++-------
Melee: Unarmed           ||     8
 Cast: Sandblast         ||    15
  Use: Scroll            ||     2
Armor: Robe              ||    10
Dodge: Dodged            ||    21

Table legend: (Time is in decaauts)
 A = Elapsed time spent in this place.
 B = Non-inter-level travel time spent in this place.
 C = Inter-level travel time spent in this place.
 D = Time resting spent in this place.
 E = Time spent auto-exploring this place.
 F = Levels seen in this place.
 G = Mean time per level.
                   A        B        C        D        E       F      G
               +--------+--------+--------+--------+--------+-----+--------+
         Total |    387 |    360 |     27 |      0 |     89 |   2 |  193.5 |
       Dungeon |    387 |    360 |     27 |      0 |     89 |   2 |  193.5 |
               +--------+--------+--------+--------+--------+-----+--------+

Top non-repeatable levels by time:
     D:1: 356 daAuts
     D:2: 31 daAuts
